 Dungeon Crawl Stone Soup version 0.28-a0-925-gd5e1996cdb (webtiles) character file.

Game seed: 12630349539883744551

51 Conn the Firebug (level 3, 0/21 HPs)
             Began as an Octopode Fire Elementalist on Nov 26, 2021.
             Slain by an endoplasm (3 damage)
             ... on level 2 of the Dungeon.
             The game lasted 00:02:05 (1086 turns).

Conn the Firebug (Octopode Fire Elementalist)       Turns: 1086, Time: 00:02:06

Health: 0/21       AC:  1    Str:  7    XL:     3   Next: 83%
Magic:  6/7        EV: 13    Int: 18    God:
Gold:   59         SH:  0    Dex: 12    Spells: 6/7 levels left

rFire   . . .      SeeInvis .   b - +0 dagger
rCold   . . .      Faith    .   (no shield)
rNeg    . . .      Spirit   .   (helmet restricted)
rPois   .          Reflect  .   (no amulet)
rElec   .          Harm     .   (no ring)
rCorr   .          Rampage  .   (no ring)
Will    .....                   (no ring)
Stlth   +++.......              (no ring)
HPRegen 0.07/turn               (no ring)
MPRegen 0.10/turn               (no ring)
                                (no ring)
                                (no ring)

@: no status effects
A: almost no armour, amphibious, 8 rings, camouflage 1, gelatinous body 1,
(nimble swimmer 1), tentacles
a: no special abilities


You were on level 2 of the Dungeon.
You visited 1 branch of the dungeon, and saw 2 of its levels.

You collected 59 gold pieces.

Inventory:

Hand Weapons
 b - a +0 dagger (weapon)
Missiles
 c - 11 poisoned darts
Scrolls
 d - a scroll of vulnerability {unknown}
Potions
 a - a potion of lignification {unknown}


   Skills:
 + Level 2.2 Dodging
 + Level 3.4 Stealth
 + Level 2.8 Spellcasting
 + Level 1.1 Conjurations
 + Level 3.5 Fire Magic


You had 6 spell levels left.
You knew the following spells:

 Your Spells              Type           Power      Damage    Failure   Level
a - Foxfire               Conj/Fire      44%        2x1d6     6%          1

Your spell library contained the following spells:

 Spells                   Type           Power      Damage    Failure   Level
 Scorch                   Fire           30%        2d6       6%          2
 Conjure Flame            Conj/Fire      11%        6-21      19%         3
 Inner Flame              Hex/Fire       8%         N/A       24%         3
 Flame Wave               Conj/Fire      11%        3d4       54%         4


Dungeon Overview and Level Annotations

Branches:
Dungeon (2/15)

Altars:


Innate Abilities, Weirdness & Mutations

You cannot wear most types of armour.
You are amphibious.
You can wear up to eight rings at the same time.
Your skin changes colour to match your surroundings (Stealth+).
Your rubbery body absorbs attacks. (AC +1, EV +1)
((You are camouflaged near water. (Stealth+)))
You have tentacles for arms and can constrict up to eight enemies at once.


Message History

A frilled lizard and an adder come into view.
Found 16 gold pieces.
The frilled lizard hisses angrily.
The adder hisses angrily.
The endoplasm hits you but does no damage.
The hobgoblin shouts!
You closely miss the hobgoblin. Your grab misses the hobgoblin.
The endoplasm hits you. The hobgoblin barely misses you.
Casting: Foxfire (safe; 7% risk of failure)
Confirm with . or Enter, or press ? or * to list all spells.
You conjure some foxfire!
The foxfire hits the adder.
The adder is lightly wounded.
The endoplasm freezes you.
You are frozen.
The hobgoblin barely misses you.
Unknown command.
You closely miss the adder. You grab the adder.
The adder is lightly wounded.
You constrict the adder.
The foxfire hits the adder.
The adder is severely wounded.
The endoplasm closely misses you. The hobgoblin hits you.
Unknown command.
You hit the adder.
The adder is almost dead.
You constrict the adder. The adder bites you. The adder completely misses you.
The endoplasm barely misses you. The hobgoblin hits you.
Unknown command.
You hit the adder.
You kill the adder!
The hobgoblin barely misses you. The endoplasm freezes you.
You are frozen.
* * * LOW HITPOINT WARNING * * *
Unknown command.
Unknown command.
Unknown command.
Unknown command.
Unknown command.
Unknown command.
Unknown command.
The frilled lizard misses you. The endoplasm hits you.
You die...

##...#.##################.#
##.###.# #..(....# ##.....#
#.####### ######## ####.#
... #....# ### #.####
#######.# . #.......# ##.
#.....l@# ... ...$..Jg# #.#
......#.# #.# ...##.#.#
#.## ... #)#.# #<.#
.####.#.# ...# #.# ..#
##.#########.# ###
##.#.........#


You could see an endoplasm, a hobgoblin and a frilled lizard.

Vanquished Creatures
  2 adders (D:2)
  4 ball pythons
  3 endoplasms (D:1)
  A giant cockroach (D:1)
  3 goblins
  3 hobgoblins
  4 jackals (D:2)
  4 quokkas
  A bat (D:2)
  2 kobolds
  3 rats
30 creatures vanquished.

Vanquished Creatures (others)
  50 foxfires
50 creatures vanquished.

Grand Total: 80 creatures vanquished

Notes
Turn   | Place    | Note
-------+----------+-------------------------------------------
     0 | D:1      | Conn the Octopode Fire Elementalist began the quest for the
                  | Orb.
     0 | D:1      | Reached XP level 1. HP: 11/11 MP: 3/3
   208 | D:1      | Reached XP level 2. HP: 15/17 MP: 0/5
   641 | D:2      | Reached XP level 3. HP: 21/21 MP: 3/6
  1086 | D:2      | Slain by an endoplasm

Illustrated notes

Levels and vault maps discovered:
D:1:      ncdulo_lavacross, layout_basic
D:2:      layout_basic

Skill      XL: |  1 |
---------------+----+-----
Stealth        | 3 |  3.4
Dodging        | |  2.2
Spellcasting   | |  2.8
Conjurations   | |  1.1
Fire Magic     | |  3.5

Action                   || total
-------------------------++-------
Melee: Unarmed           ||     3
       Tentacles         ||     4
       Dagger            ||    11
       Constrict         ||     3
 Cast: Foxfire           ||    34
 Stab: Sleeping          ||     4
Armor: Skin              ||     1
Dodge: Dodged            ||    14

Table legend: (Time is in decaauts)
 A = Elapsed time spent in this place.
 B = Non-inter-level travel time spent in this place.
 C = Inter-level travel time spent in this place.
 D = Time resting spent in this place.
 E = Time spent auto-exploring this place.
 F = Levels seen in this place.
 G = Mean time per level.
                   A        B        C        D        E       F      G
               +--------+--------+--------+--------+--------+-----+--------+
         Total |   1085 |   1070 |     15 |      0 |    842 |   2 |  542.5 |
       Dungeon |   1085 |   1070 |     15 |      0 |    842 |   2 |  542.5 |
               +--------+--------+--------+--------+--------+-----+--------+

Top non-repeatable levels by time:
     D:1: 608 daAuts
     D:2: 476 daAuts
